 Dungeon Crawl Stone Soup version 0.31-a0-986-g5e6e4ef867 (webtiles) character file.

Game seed: 12386678196004460943

79 serber55 the Chiller (level 4, -1/28 HPs)
             Began as an Octopode Ice Elementalist on Nov 17, 2023.
             Slain by Grinder (2 damage)
             ... while paralysed by Grinder
             ... on level 3 of the Dungeon.
             The game lasted 00:08:47 (2150 turns).

serber55 the Chiller (Octopode Ice Elementalist)    Turns: 2150, Time: 00:08:48

Health: -1/28      AC:  7    Str:  9    XL:     4   Next: 38%
Magic:  1/7        EV:  2    Int: 17    God:
Gold:   52         SH:  0    Dex: 12    Spells: 1/8 levels left

rFire   + . .        d - +2 short sword (venom)
rCold   . . .        (no shield)
rNeg    . . .        (helmet restricted)
rPois   .            (no amulet)
rElec   .            c - ring of protection from fire
rCorr   .            (no ring)
SInv    .            (no ring)
Will    .....        (no ring)
Stlth   +++          (no ring)
HPRegen 0.24/turn    (no ring)
MPRegen 0.10/turn    (no ring)
                     (no ring)

%: no passive effects
@: paralysed, ice-armoured
A: almost no armour, amphibious, 8 rings, camouflage 1, gelatinous body 1,
(nimble swimmer 1), tentacles
a: no special abilities


You were on level 3 of the Dungeon.
You visited 1 branch of the dungeon, and saw 3 of its levels.

You collected 133 gold pieces.
You spent 81 gold pieces at shops.

Inventory:

Hand Weapons
 d - a +2 short sword of venom (weapon)
 j - a +2 vampiric spear
Missiles
 g - a throwing net
Armour
 e - an orb of energy
Jewellery
 c - a ring of protection from fire (left tentacle)
Scrolls
 h - a scroll of amnesia
 k - a scroll of revelation {unknown}
Potions
 a - a potion of magic
 b - 2 potions of curing
 f - a potion of enlightenment
 i - a potion of brilliance {unknown}


   Skills:
 + Level 1.4 Fighting
 + Level 2.6 Dodging
 - Level 2.6 Stealth
 + Level 2.5 Spellcasting
 * Level 4.7 Ice Magic


You had one spell level left.
You knew the following spells:

 Your Spells              Type           Power      Damage    Failure   Level
a - Freeze                Ice            72%        1d8       2%          1
b - Frozen Ramparts       Ice            36%        1d6       8%          3
c - Ozocubu's Armour      Ice            18%        N/A       8%          3

Your spell library contained the following spells:

 Spells                   Type           Power      Damage    Failure   Level
 Hailstorm                Conj/Ice       10%        3d5       21%         3
 Gell's Gravitas          Tloc           2%         N/A       50%         3
 Teleport Other           Tloc           2%         N/A       50%         3
 Summon Ice Beast         Ice/Summ       10%        N/A       56%         4
 Dispersal                Tloc           1%         N/A       100%        6


Dungeon Overview and Level Annotations

Branches:
Dungeon (3/15)

Altars:

Shops:
D:2 *

Annotations:
D:3 4 runed translucent doors, Crazy Yiuf; Grinder; Phlounder's ghost, amateur DjBr


Innate Abilities, Weirdness & Mutations

You cannot wear most types of armour.
You are amphibious.
You can wear up to eight rings at the same time.
Your skin changes colour to match your surroundings (Stealth+).
Your rubbery body absorbs attacks. (AC +1, EV +1)
((You are camouflaged when in or above water. (Stealth+)))
You have tentacles for arms and can constrict up to eight enemies at once.


Message History

It was a potion of curing.
You feel better.
You constrict Grinder.
Grinder completely resists.
The wall freezes Grinder but does no damage.
Grinder hits you but does no damage.
Casting: Frozen Ramparts (quite dangerous; 8% risk of failure)
Confirm with . or Enter, or press ? or * to list all spells.
Aiming: Freeze (safe; 2% risk of failure)
Press: ? - help, Shift-Dir - straight line, f - Grinder
Aim: Grinder (moderately wounded, constricted by you, very poisoned)
You freeze Grinder but do no damage.
Grinder completely resists.
You constrict Grinder, but do no damage.
Grinder completely resists.
The wall freezes Grinder but does no damage.
Grinder barely misses you.
Casting: Freeze (safe; 2% risk of failure)
Confirm with . or Enter, or press ? or * to list all spells.
You don't have enough magic to cast this spell.
Unknown command.
You hit Grinder.
Grinder is heavily wounded.
You constrict Grinder, but do no damage.
Grinder resists.
The wall freezes Grinder.
Grinder gestures at you.
You suddenly lose the ability to move!
You lose your grip on Grinder.
Grinder completely resists.
The wall freezes Grinder but does no damage.
Grinder hits you.
You writhe in agony.
Grinder completely resists.
The wall freezes Grinder but does no damage.
Grinder hits you.
You writhe in agony.
* * * LOW HITPOINT WARNING * * *
The frozen ramparts melt away.
Grinder hits you.
* * * LOW HITPOINT WARNING * * *
You writhe in agony.
* * * LOW HITPOINT WARNING * * *
Grinder hits you.
* * * LOW HITPOINT WARNING * * *
You writhe in agony.
You die...
Grinder says, "Now the real fun starts!"

........#..... .....
........#..... ....?
.............. #...
+..............
####...####..............
#........................
#.<...............#####..
#.................######.
#.......@................
#......5##...............
#........#...............
#....<...+...............
###......#...............
........................
.........................
.....................)...
...#...###......†........


You could see Grinder (very poisoned).

Vanquished Creatures
  Robin (D:3)
  An adder (D:2)
  A dart slug (D:1)
  4 bats
  7 endoplasms
  A giant cockroach (D:1)
  10 goblins
  6 hobgoblins
  2 quokkas (D:1)
  5 ball pythons
  2 frilled lizards (D:2)
  10 kobolds
  2 rats (D:1)
52 creatures vanquished.

Notes
Turn   | Place    | Note
-------+----------+-------------------------------------------
     0 | D:1      | serber55 the Octopode Ice Elementalist began the quest for
                  | the Orb.
     0 | D:1      | Reached XP level 1. HP: 11/11 MP: 3/3
    71 | D:1      | You fall into a shaft and drop 1 floor!
   199 | D:1      | Reached XP level 2. HP: 13/18 MP: 5/5
   610 | D:1      | Reached XP level 3. HP: 19/22 MP: 6/6
   616 | D:1      | Learned a level 3 spell: Frozen Ramparts
   763 | D:2      | Reached skill level 1 in Fighting
  1155 | D:2      | Found Jiacw's Assorted Antiques.
  1159 | D:2      | Bought a scroll labelled ILURUTUMIV for 27 gold pieces
  1159 | D:2      | Bought a scroll labelled MYUGOU VUSA for 27 gold pieces
  1159 | D:2      | Bought a scroll labelled FEWAK ISANKAO for 27 gold pieces
  1366 | D:3      | Found a runed translucent door.
  1367 | D:3      | Noticed Crazy Yiuf
  1611 | D:3      | Noticed Robin
  1661 | D:3      | Reached XP level 4. HP: 20/28 MP: 7/7
  1668 | D:3      | Learned a level 3 spell: Ozocubu's Armour
  1750 | D:3      | Found a runed translucent gate.
  1750 | D:3      | Found a runed translucent gate.
  1750 | D:3      | Found a runed translucent gate.
  1750 | D:3      | Noticed Phlounder's ghost (amateur DjBr)
  1981 | D:3      | Killed Robin
  2133 | D:3      | Noticed Grinder
  2136 | D:3      | Paralysed by Grinder for 5 turns
  2146 | D:3      | Paralysed by Grinder for 5 turns
  2150 | D:3      | HP: 1/28 [Grinder (4)]
  2150 | D:3      | Slain by Grinder

Illustrated notes

Levels and vault maps discovered:
D:1:      amcnicky_arrival_underground_garden, layout_rooms, minmay_pentomino_s2
D:2:      layout_rooms, serial_shops, nicolae_shop_back_alley_shop,
          minmay_misc_feat_chi
D:3:      layout_basic, serial_shops, shop_statue, gammafunk_ghost_cemetery,
          uniq_robin, uniq_grinder, uniq_crazy_yiuf_cottage

Skill      XL: |  1  2  3 |
---------------+----------+-----
Fighting       | 1 |  1.4
Dodging        | |  2.6
Stealth        | |  2.6
Spellcasting   | |  2.5
Ice Magic      | |  4.7

Action                     |  1- 3 |  4- 6 || total
---------------------------+-------+-------++-------
  Melee: Short sword       |    68 |    16 ||    84
         Constrict         |    14 |     5 ||    19
         Tentacles         |    13 |     1 ||    14
         Punch             |     2 |       ||     2
         Spear             |     8 |       ||     8
   Cast: Freeze            |     8 |     2 ||    10
         Frozen Ramparts   |     4 |     3 ||     7
         Ozocubu's Armour  |       |     3 ||     3
    Use: Scroll            |     4 |       ||     4
         Potion            |       |     1 ||     1
   Stab: Distracted        |     2 |       ||     2
         Sleeping          |     4 |     1 ||     5
 Armour: Skin              |    30 |    30 ||    60
  Dodge: Dodged            |    32 |    31 ||    63

Table legend: (Time is in decaauts)
 A = Elapsed time spent in this place.
 B = Non-inter-level travel time spent in this place.
 C = Inter-level travel time spent in this place.
 D = Time resting spent in this place.
 E = Time spent auto-exploring this place.
 F = Levels seen in this place.
 G = Mean time per level.
                   A        B        C        D        E       F      G
               +--------+--------+--------+--------+--------+-----+--------+
         Total |   2152 |   2124 |     28 |    529 |   1064 |   3 |  717.3 |
       Dungeon |   2152 |   2124 |     28 |    529 |   1064 |   3 |  717.3 |
               +--------+--------+--------+--------+--------+-----+--------+

Top non-repeatable levels by time:
     D:2: 798 daAuts
     D:3: 693 daAuts
     D:1: 660 daAuts
